 Dungeon Crawl Stone Soup version 0.18.1-50-g88ac8fd (webtiles) character file.

338 Moofe the Grasshopper (level 6, -2/56 HPs)
             Began as a Naga Warper on Oct 17, 2016.
             Slain by Prince Ribbit (14 damage)
             ... on level 5 of the Dungeon.
             The game lasted 00:53:52 (4655 turns).

Moofe the Grasshopper (Naga Warper)                 Turns: 4655, Time: 00:53:52

Health: -2/56      AC:  6    Str: 15    XL:     6   Next: 55%
Magic:  1/9        EV:  9    Int: 14    God:
Gold:   261        SH:  0    Dex: 12    Spells: 3 memorised, 4 levels left

rFire  . . .     SeeInvis +     n - +4 rapier "Conservator" {pierce, Str+2}
rCold  . . .     Gourm    .     b - +0 leather armour
rNeg   . . .     Faith    .     (no shield)
rPois  +         Spirit   .     (no helmet)
rElec  .         Dismiss  .     k - +1 cloak
rCorr  .         Reflect  .     o - +0 pair of gloves
SustAt .         Harm     .     (no barding)
MR     .....                    (no amulet)
Stlth  ++........               (no ring)
                                (no ring)

@: very slightly contaminated, very slow, not resistant to hostile enchantments,
unstealthy
A: see invisible, deformed body, poison resistance, slowness 2, slow metabolism
1, spit poison 2, AC +2
a: Spit Poison


You were on level 5 of the Dungeon.
You were not hungry.

You visited 1 branch of the dungeon, and saw 5 of its levels.

You collected 261 gold pieces.

Inventory:

Hand Weapons
 a - a +1 spear
 n - the +4 rapier "Conservator" (weapon) {pierce, Str+2}
   (You found it on level 4 of the Dungeon)

   It inflicts extra damage upon your enemies.
   It affects your strength (+2).
Missiles
 e - 3 tomahawks of dispersal
 l - 7 javelins (quivered)
 s - 5 tomahawks
Armour
 b - a +0 leather armour (worn)
 k - a +1 cloak (worn)
 o - a +0 pair of gloves (worn)
Jewellery
 j - an uncursed amulet of faith
Wands
 p - a wand of flame (10/48)
Scrolls
 f - 2 scrolls of remove curse
 h - a scroll of teleportation
 i - a scroll of identify
Potions
 r - 2 potions of flight
Books
 c - a book of Spatial Translocations

   Spells                             Type                      Level
   a - Apportation                    Translocation                1
   b - Blink                          Translocation                2
   c - Shroud of Golubria             Charms/Translocation         2
   d - Portal Projectile              Translocation                3
   e - Teleport Other                 Translocation                3
   f - Passage of Golubria            Translocation                4
Comestibles
 g - 3 meat rations
 m - a bread ration


   Skills:
 + Level 3.2 Fighting
 * Level 1.5 Short Blades
 - Level 3.0 Polearms
 + Level 1.6 Throwing
 + Level 1.2 Armour
 + Level 1.9 Dodging
 * Level 3.5 Stealth
 + Level 2.5 Spellcasting
 * Level 4.0 Translocations
 + Level 0.6 Evocations


You had 4 spell levels left.
You knew the following spells:

 Your Spells              Type           Power        Failure   Level  Hunger
a - Apportation           Tloc           ##........   6%          1    #......
b - Blink                 Tloc           N/A          10%         2    ###....
c - Teleport Other        Tloc           ##......     17%         3    ###....


Dungeon Overview and Level Annotations

Branches:
Dungeon (5/15)
 Temple: D:4-7

Altars:
Elyvilon
Makhleb
Okawaru
Pakellas
Trog
Xom
Yredelemnul
Zin
The Shining One

Annotations:
D:5 Prince Ribbit


Innate Abilities, Weirdness & Mutations

You cannot wear boots.
Your serpentine skin is tough (AC +2).
You have supernaturally acute eyesight.
Armour fits poorly on your strangely shaped body.
Your system is resistant to poisons.
You cover ground very slowly.
You have a slow metabolism.
You can spit poison.


Message History

The crimson imp blinks!
Prince Ribbit hops awkwardly around.
Prince Ribbit hits you!
* * * LOW HITPOINT WARNING * * *
Casting: Blink
Confirm with . or Enter, or press ? or * to list all spells.
Okay, then.
Press: ? - help, v - describe, . - travel, g - get item
Here: Prince Ribbit (severely wounded)
A giant club.
There is something else lying underneath.
The floor.
There are monsters nearby!
Fire/throw which item? (* to show all) (? for menu, Esc to quit)
Press: ? - help, Shift-Dir - straight line, f/p - Prince Ribbit
Aim: Prince Ribbit (severely wounded)
You throw a tomahawk of dispersal.
The tomahawk of dispersal misses Prince Ribbit.
Prince Ribbit hits you!
You die...

..#.....##.#
.........#.#
####.#.§.#.#
#..........#
#.....##..########
#.....##.........#
#/....##r..#####.#
####'###§#.###<..#
#.@.#.#†.######
###F#.#..#
#.#F##.######
#.#.........#
#.#.r.##..###.#
#.###'###.###.#
#.........>##.#
#......######.#
#.............#


You could see Prince Ribbit and a quokka.

Vanquished Creatures
  An ogre (D:5)
  A worker ant (D:5)
  3 orc wizards
  6 adders
  An ooze (D:2)
  A worm (D:2)
  2 giant geckos (D:2)
  13 orcs
  3 giant cockroaches
  2 gnoll zombies (D:4)
  3 goblins
  9 hobgoblins
  11 kobolds
  A quokka (D:4)
  2 ball pythons
  9 bats
  A giant gecko skeleton (D:4)
  10 giant newts
  8 rats
87 creatures vanquished.

Notes
Turn   | Place    | Note
--------------------------------------------------------------
     0 | D:1      | Moofe the Naga Warper began the quest for the Orb.
     0 | D:1      | Reached XP level 1. HP: 19/19 MP: 3/3
   234 | D:1      | Reached skill level 1 in Throwing
   331 | D:1      | Reached XP level 2. HP: 21/26 MP: 5/5
   513 | D:1      | Reached skill level 1 in Stealth
   660 | D:1      | Reached XP level 3. HP: 11/32 MP: 6/6
  1187 | D:1      | Learned a level 2 spell: Blink
  1191 | D:1      | Learned a level 3 spell: Teleport Other
  1295 | D:2      | Found a glowing silver altar of Zin.
  1295 | D:2      | Found a white marble altar of Elyvilon.
  1295 | D:2      | Found a glowing golden altar of the Shining One.
  1903 | D:2      | Reached XP level 4. HP: 40/40 MP: 7/7
  2595 | D:2      | Reached skill level 1 in Armour
  3011 | D:3      | Found an oddly glowing altar of Pakellas.
  3213 | D:3      | Reached XP level 5. HP: 48/48 MP: 8/8
  3914 | D:4      | Found a bloodstained altar of Trog.
  3919 | D:4      | Found a shimmering altar of Xom.
  3920 | D:4      | Found an iron altar of Okawaru.
  3941 | D:4      | Got an ebony rapier
  3942 | D:4      | Identified the +4 rapier "Conservator" {pierce, Str+2} (You found it on level 4 of the Dungeon)
  4063 | D:4      | Found a basalt altar of Yredelemnul.
  4140 | D:4      | Reached skill level 1 in Short Blades
  4186 | D:4      | Reached XP level 6. HP: 54/56 MP: 9/9
  4437 | D:4      | Found a burning altar of Makhleb.
  4495 | D:5      | Entered Level 5 of the Dungeon
  4572 | D:5      | Noticed Prince Ribbit
  4584 | D:5      | Reached skill level 4 in Translocations
  4655 | D:5      | Slain by Prince Ribbit

Skill      XL: |  1  2  3  4  5  6 |
---------------+-------------------+-----
Throwing       | 1 |  1.6
Stealth        | 1 2 3 |  3.5
Armour         | 1 |  1.2
Polearms       | 3 |  3.0
Fighting       | 3 |  3.2
Short Blades   | 1 |  1.5
Translocations | 4 |  4.0
Dodging        | |  1.9
Spellcasting   | |  2.5
Evocations     | |  0.6

Action                   |  1- 3 |  4- 6 || total
-------------------------+-------+-------++-------
Melee: Spear             |    62 |   113 ||   175
       Rapier            |       |    64 ||    64
Throw: Tomahawk          |     1 |     1 ||     2
 Cast: Blink             |       |     3 ||     3
 Abil: Spit Poison       |    36 |    69 ||   105
  Use: Scroll            |     6 |     9 ||    15
       Potion            |     3 |     3 ||     6
 Stab: Sleeping          |     1 |     2 ||     3
  Eat: Bread ration      |     1 |     1 ||     2
       Pizza             |     1 |       ||     1
       Chunk             |       |     7 ||     7
       Beef jerky        |       |     1 ||     1
Armor: Leather armour    |    14 |    64 ||    78
Dodge: Dodged            |    26 |    87 ||   113
